 Dungeon Crawl Stone Soup version 0.29.1-15-g9cfb28693d (webtiles) character file.

Game seed: 3370591980246487079

13 Hugehornet the Cudgeller (level 2, 29/29 HPs)
             Began as a Troll Fighter on Apr 2, 2023.
             Quit the game on level 1 of the Dungeon.
             The game lasted 00:01:12 (179 turns).

Hugehornet the Cudgeller (Troll Fighter)             Turns: 179, Time: 00:01:13

Health: 29/29      AC:  4    Str: 23    XL:     2   Next: 24%
Magic:  1/1        EV:  8    Int:  4    God:
Gold:   21         SH:  7    Dex:  9    Spells: 1/1 levels left

rFire   . . .      SeeInvis .   a - +0 flail
rCold   . . .      Faith    .   c - +0 kite shield
rNeg    . . .      Spirit   .   b - +0 robe
rPois   .          Reflect  .   (helmet restricted)
rElec   .          Harm     .   (no cloak)
rCorr   .          Rampage  .   (gloves unavailable)
Will    .....                   (boots unavailable)
Stlth   +.........              (no amulet)
HPRegen 0.89/turn               (no ring)
MPRegen 0.07/turn               (no ring)

@: no status effects
A: large, unfitting armour, claws 3, regeneration 1, shaggy fur 1, tough skin 1
a: no special abilities


You were on level 1 of the Dungeon.
You visited 1 branch of the dungeon, and saw 1 of its levels.

You collected 21 gold pieces.

Inventory:

Hand Weapons
 a - a +0 flail (weapon)
Armour
 b - a +0 robe (worn)
 c - a +0 kite shield (worn)
Scrolls
 e - a scroll of blinking {unknown}
 f - 2 scrolls of teleportation {unknown}
 g - a scroll of fear {unknown}
Potions
 d - a potion of might
 h - a potion of cancellation {unknown}


   Skills:
 - Level 2.4 Fighting
 + Level 2.7 Maces & Flails
 - Level 2.4 Dodging
 - Level 2.6 Shields


You had one spell level left.
You didn't know any spells.
Your spell library was empty.

Dungeon Overview and Level Annotations

Branches:
Dungeon (1/15)

Altars:

Shops:
D:1 (


Innate Abilities, Weirdness & Mutations

You are too large for most types of armour.
You have claws for hands.
Your natural rate of healing is unusually fast.
You are covered in fur. (AC +1)
You have tough skin. (AC +1)


Message History

You block the hobgoblin's attack.
You completely miss the hobgoblin.
The hobgoblin is severely wounded.
The hobgoblin barely misses you. x2
You hit the hobgoblin.
You kill the hobgoblin!
You have reached level 2!
h - a glowing coppery potion
f - 2 scrolls labelled BUFUMO UPRAQIC (gained 1)
Found a whip.
You see here a +0 whip.
A ball python comes into view.
The ball python hisses angrily.
The ball python bites you but does no damage.
You barely miss the ball python. The ball python closely misses you.
You block the ball python's attack.
You closely miss the ball python. You block the ball python's attack.
The ball python bites you but does no damage.
You closely miss the ball python.
The ball python bites you but does no damage. x2
You closely miss the ball python. The ball python bites you.
You block the ball python's attack.
You hit the ball python.
The ball python is severely wounded.
You block the ball python's attack.
You hit the ball python.
You kill the ball python!
No target in view!
A giant cockroach comes into view.
A giant cockroach is nearby!
Found a stone staircase leading down.
A rat and a giant cockroach come into view.
You block the giant cockroach's attack.
You hit the giant cockroach.
You kill the giant cockroach!
You thump the giant cockroach!
You kill the giant cockroach!
No target in view!
No target in view!
Are you sure you want to abandon this character and quit the game? (Confirm with "yes".)

#.# #.# #.# ...
##.######## #
#..........
####.##.#....#
#>......@....#
#.#####.#.......
#.#...###.
#.#...# #.#.....
#.#.#.###
#.#.#.# #.#.#.#
#.#.#.#


There were no monsters in sight!

Vanquished Creatures
  A ball python (D:1)
  An endoplasm (D:1)
  2 giant cockroaches (D:1)
  A hobgoblin (D:1)
  4 jackals (D:1)
  A rat (D:1)
10 creatures vanquished.

Notes
Turn   | Place    | Note
-------+----------+-------------------------------------------
     0 | D:1      | Hugehornet the Troll Fighter began the quest for the Orb.
     0 | D:1      | Reached XP level 1. HP: 22/22 MP: 0/0
    88 | D:1      | Found Amuyjoamm's Weapon Shoppe.
   107 | D:1      | Reached XP level 2. HP: 29/29 MP: 1/1
   179 | D:1      | Quit the game

Illustrated notes

Levels and vault maps discovered:
D:1:      heliophobic_arrival_battle_scene, layout_basic, serial_shops,
          nicolae_shop_bloodbath_and_beyond, st_stairs_4

Skill      XL: |  1 |
---------------+----+-----
Maces & Flails | 2 |  2.7
Fighting       | |  2.4
Dodging        | |  2.4
Shields        | |  2.6

Action                   || total
-------------------------++-------
Melee: Flail             ||    29
Armor: Robe              ||     6
Dodge: Dodged            ||    11
Block: Kite shield       ||    18
